 Dungeon Crawl Stone Soup version 0.15.0-12-gccce430 (webtiles) character file.

94 Kex the Ruffian (level 4, -4/36 HPs)
             Began as a Draconian Transmuter on Sept 1, 2014.
             Killed from afar by Johnny's ghost (16 damage)
             ... with a spray of energy
             ... on Level 4 of the Dungeon.
             The game lasted 00:09:27 (4196 turns).

Kex the Ruffian (Draconian Transmuter)              Turns: 4196, Time: 00:09:27

HP  -4/36        AC  6     Str 12      XL: 4   Next: 38%
MP   2/7         EV 12     Int 15      God:
Gold 207         SH  0     Dex 11      Spells:  2 memorised,  4 levels left

rFire  . . .     SeeInvis .     b - 69 arrows
rCold  . . .     Clarity  .     (armour unavailable)
rNeg   + . .     rCorr    .     (no shield)
rPois  .         rRot     .     (helmet restricted)
rElec  .         Spirit   .     p - +0 cloak
SustAb .         Warding  +     (no gloves)
rMut   .         Stasis   .     (no boots)
Gourm  .                        k - amulet of warding
MR     .....                    (no ring)
                                (no ring)

@: about to teleport, not resistant to hostile enchantments, very unstealthy
A: unfitting armour, cold-blooded, AC +5
a: no special abilities


You were on level 4 of the Dungeon.
You were not hungry.

You visited 1 branch of the dungeon, and saw 4 of its levels.

You collected 207 gold pieces.

Inventory:

Hand weapons
 c - a +0 hand axe
 q - a +0 spear
Missiles
 b - 69 arrows (in hand)
 h - 14 stones (quivered)
 i - 27 sling bullets
Armour
 p - a +0 cloak (worn)
Comestibles
 a - a bread ration
 f - a slice of pizza
 o - a royal jelly
 u - 6 fruits
 A - a meat ration
Scrolls
 e - a scroll of magic mapping
 g - a scroll of teleportation
 j - a scroll of immolation {unknown}
 t - a scroll of amnesia {unknown}
 v - a scroll of recharging {unknown}
Jewellery
 k - an amulet of warding (around neck)
Potions
 l - a potion of invisibility
 m - a potion of lignification
 n - a potion of heal wounds {unknown}
 r - a potion of restore abilities {unknown}
 s - a potion of magic {unknown}
 w - 2 potions of curing {unknown}
 z - a potion of mutation {unknown}
Books
 d - a book of Changes

   Spells                             Type                      Level
   *Beastly Appendage                 Transmutation                1
   *Sticks to Snakes                  Transmutation                2
   Spider Form                        Transmutation/Poison         3
   Ice Form                           Ice/Transmutation            4
   Blade Hands                        Transmutation                5


   Skills:
 + Level 1.8 Fighting
 + Level 0.2 Axes
 + Level 0.2 Polearms
 + Level 0.5 Throwing
 + Level 2.9 Dodging
 + Level 0.4 Stealth
 + Level 3.3 Unarmed Combat
 + Level 2.2 Spellcasting
 + Level 2.5 Transmutations


You had 4 spell levels left.
You knew the following spells:

 Your Spells              Type           Power        Failure   Level  Hunger
a - Beastly Appendage     Trmt           #.....       10%         1    #......
b - Sticks to Snakes      Trmt           #.........   12%         2    ###....


Dungeon Overview and Level Annotations

Branches:
Dungeon (4/15)
 Temple: D:4-7

Altars:
Makhleb
Nemelex Xobeh

Annotations:
D:4 Johnny's ghost, average DgCj


Innate Abilities, Weirdness & Mutations

Your plain brown scales are hard (AC +5).
Your body does not fit into most forms of armour.
Your cold-blooded metabolism reacts poorly to cold.


Message History

Casting: Sticks to Snakes
Confirm with . or Enter, or press ? or * to list all spells.
You create a snake!
Johnny's ghost hits you.
Casting: Sticks to Snakes
Confirm with . or Enter, or press ? or * to list all spells.
You create a snake!
Johnny's ghost gestures at you while chanting.
The spray of energy hits you!
The spray of energy hits your ball python.
Your ball python dies!
Your ball python barely misses Johnny's ghost.
Read which item? (? for menu, Esc to quit)
As you read the scroll of teleportation, it crumbles to dust.
You feel strangely unstable. Johnny's ghost casts a spell at you.
The spray of energy hits you!
Something bites Johnny's ghost but does no damage.
Johnny's ghost gestures at you while chanting.
The spray of energy hits you!
You die...

######## #......# ####
#......# #..# #......#
##..## #......#
#....####### #......#
#............ ##..####
#..S.#
##...########.W##########
................@........
..##.####################
.###.# ##.## .###.###...#
...........# ####.###...#
# ##)####..####.. #
#............... #
#...######.....


You could see Johnny's ghost.

Vanquished Creatures
  An adder (D:3)
  2 worms
  2 oozes (D:2)
  2 orcs
  4 giant cockroaches
  8 goblins
  9 hobgoblins
  A ball python (D:1)
  5 bats
  5 giant newts
  11 jackals
  6 kobolds
  10 rats
66 creatures vanquished.

Notes
Turn   | Place    | Note
--------------------------------------------------------------
     0 | D:1      | Kex, the Draconian Transmuter, began the quest for the Orb.
     0 | D:1      | Reached XP level 1. HP: 16/16 MP: 3/3
   245 | D:1      | Reached XP level 2. HP: 20/23 MP: 4/4
  1591 | D:1      | Reached XP level 3. HP: 26/28 MP: 6/6
  2465 | D:2      | Found a sparkling altar of Nemelex Xobeh.
  2930 | D:3      | Found a burning altar of Makhleb.
  3000 | D:3      | Reached XP level 4. HP: 22/35 MP: 5/7
  4137 | D:4      | Learned a level 2 spell: Sticks to Snakes
  4182 | D:4      | Noticed Johnny's ghost (average DgCj)
  4196 | D:4      | Killed from afar by Johnny's ghost

Action                   |  1- 3 |  4- 6 || total
-------------------------+-------+-------++-------
Melee: Hand axe          |   109 |       ||   109
       Spear             |    76 |    67 ||   143
Throw: Stone             |    13 |       ||    13
 Cast: Beastly Appendage |     9 |     3 ||    12
       Sticks to Snakes  |       |     3 ||     3
  Use: Scroll            |     5 |     2 ||     7
 Stab: Sleeping          |       |     1 ||     1
  Eat: Chunk             |     7 |     2 ||     9
       Fruit             |       |     2 ||     2
